 Dungeon Crawl Stone Soup version 0.29-a0-371-g91724d5b39 (webtiles) character file.

Game seed: 6983938038504870785

247 sokol815 the Cutter (level 6, 0/35 HPs)
             Began as an Octopode Brigand on May 3, 2022.
             Succumbed to a killer bee's poison
             ... on level 4 of the Dungeon.
             The game lasted 00:06:50 (2546 turns).

sokol815 the Cutter (Octopode Brigand)              Turns: 2546, Time: 00:06:50

Health: 0/35       AC:  1    Str: 16    XL:     6   Next: 11%
Magic:  8/8        EV: 12    Int: 17    God:
Gold:   210        SH:  5    Dex: 14    Spells: 8/8 levels left

rFire   . . .      SeeInvis .   a - +2 short sword (speed)
rCold   . . .      Faith    .   (no shield)
rNeg    . . .      Spirit   .   (helmet restricted)
rPois   .          Reflect  +   n - amulet of reflection
rElec   .          Harm     .   i - +6 ring of strength
rCorr   .          Rampage  .   (no ring)
Will    .....                   (no ring)
Stlth   ++++......              (no ring)
HPRegen 0.11/turn               (no ring)
MPRegen 0.11/turn               (no ring)
                                (no ring)
                                (no ring)

@: lethally poisoned (0 -> -10), attractive, flying, hasted, very quick
A: almost no armour, amphibious, 8 rings, camouflage 1, gelatinous body 1,
(nimble swimmer 1), tentacles, clever 1, frail 1
a: no special abilities


You were on level 4 of the Dungeon.
You visited 1 branch of the dungeon, and saw 4 of its levels.

You collected 221 gold pieces.
You spent 11 gold pieces at shops.

Inventory:

Hand Weapons
 a - a +2 short sword of speed (weapon)
   (You took it off a kobold on level 1 of the Dungeon)
 g - a +0 hand axe of electrocution
   (You found it on level 1 of the Dungeon)
 l - a +2 vorpal dagger
 p - a +3 dagger of venom
   (You took it off Jessica on level 2 of the Dungeon)
Missiles
 b - 12 poisoned darts
 c - 3 curare-tipped darts
 s - 125 stones
Jewellery
 d - an amulet of guardian spirit
   (You found it on level 1 of the Dungeon)
 i - a +6 ring of strength (left tentacle)
   (You found it on level 1 of the Dungeon)
 n - an amulet of reflection (around mantle)
   (You found it on level 3 of the Dungeon)
Wands
 q - a wand of flame (15)
   (You took it off Jessica on level 2 of the Dungeon)
Scrolls
 e - a scroll of torment {unknown}
 k - a scroll of enchant armour
 o - a scroll of magic mapping {unknown}
 t - a scroll of identify {unknown}
 u - a scroll of vulnerability {unknown}
 D - a scroll of blinking {!r}


   Skills:
 - Level 2.0 Fighting
 + Level 5.8 Short Blades
 - Level 2.0 Throwing
 - Level 1.0 Dodging
 - Level 5.3 Stealth
 - Level 1.7 Spellcasting


You had 8 spell levels left.
You didn't know any spells.
Your spell library was empty.

Dungeon Overview and Level Annotations

Branches:
Dungeon (4/15)
 Temple: D:4-7

Altars:
Fedhas
Trog
Xom

Shops:
D:1 !   D:2 !

Portals:
Sewer: D:4

Annotations:
D:3 exclusion: kobold, Grinder


Innate Abilities, Weirdness & Mutations

You cannot wear most types of armour.
You are amphibious.
You can wear up to eight rings at the same time.
Your skin changes colour to match your surroundings (Stealth+).
Your rubbery body absorbs attacks. (AC +1, EV +1)
((You are camouflaged when in or above water. (Stealth+)))
You have tentacles for arms and can constrict up to eight enemies at once.
Your mind is acute. (Int +2)
You are frail. (-10% HP)


Message History

No target in view!
You see here a frilled lizard skeleton.
There is an open door here.
There is a fountain of clear blue water here.
There is a fountain of clear blue water here.
There is an open door here.
Items here: )))) [.
There is an open door here.
There is a fountain of clear blue water here.
Things that are here:
a +0 ring mail; a +0 hand axe
There is a fountain of clear blue water here.
There is an open door here.
Items here: )))) [.
You see here a +0 robe.
You see here a +0 rapier.
You see here a +0 rapier.
Partly explored, can't reach some items and places.
(D) Dungeon
Where to? (Enter - D:3, ? - help)
There is a stone staircase leading down here.
You climb downwards.
You hear the sound of rushing water.
There is an entrance to a sewer on this level.
Hurry and find it before the portal rusts away!
Found a scroll labelled ZEOSUA FITIOG and a scroll labelled VIRRIY VUCZE.
Found a glowing drain.
Found a stone staircase leading down.
There is a stone staircase leading up here.
t - a scroll labelled ZEOSUA FITIOG
u - a scroll labelled VIRRIY VUCZE
There are no items here.
The adder hisses angrily. 2 killer bees come into view.
The killer bee buzzes angrily.
You hear an angry buzzing noise.
You hear a shout!
A killer bee comes into view.
It was a potion of mutation.
You feel extremely strange.
You feel clever.
You feel frail.
You take 4 damage, and have 30/30 hp.
You closely miss the killer bee. Your grab misses the killer bee.
The killer bee closely misses you.
You barely miss the killer bee.
The killer bee buzzes angrily.
Your grab misses the killer bee. Your squeeze misses the killer bee.
The killer bee barely misses you.
An orc comes into view. It is wielding a +0 short sword.
You closely miss the killer bee. Your grab misses the killer bee.
The killer bee attacks as you move away!
The killer bee misses you. The killer bee stings you.
You block the killer bee's attack. The killer bee misses you.
You take 5 damage, and have 25/30 hp.
It was a potion of cancellation.
You feel magically purged. The killer bee closely misses you.
It was a potion of attraction.
You feel attractive to monsters. The killer bee completely misses you.
You block the killer bee's attack. The killer bee closely misses you.
The killer bee misses you.
You barely miss the killer bee. Your grab misses the killer bee.
You squeeze the killer bee! The killer bee closely misses you.
The killer bee stings you!
You take 8 damage, and have 17/30 hp.
MASSIVE DAMAGE!!
You miss the killer bee. Your grab misses the killer bee.
Your squeeze misses the killer bee. The killer bee closely misses you.
You block the killer bee's attack. The killer bee stings you.
The killer bee closely misses you.
You take 6 damage, and have 11/30 hp.
You hit the killer bee.
The killer bee is poisoned.
Your grab misses the killer bee. Your squeeze misses the killer bee.
You kill the killer bee!
The killer bee closely misses you.
You have reached level 6!
You regained 2 hp, and now have 13/35 hp.
MP restored: 8
Okay, then.
Unknown command.
It was a potion of haste.
You feel yourself speed up. The killer bee barely misses you.
The killer bee closely misses you. The killer bee barely misses you.
The killer bee stings you.
You take 2 damage, and have 11/35 hp.
Your +3 dagger of venom stops dripping with poison.
Your tentacles tingle!
a - a +2 short sword of speed (weapon)
The killer bee stings you!
* * * LOW HITPOINT WARNING * * *
The killer bee closely misses you.
You take 8 damage, and have 3/35 hp.
MASSIVE DAMAGE!!
You closely miss the killer bee. You grab the killer bee.
You squeeze the killer bee, but do no damage.
You constrict the killer bee, but do no damage.
You hit the killer bee. Your grab misses the killer bee.
You constrict the killer bee. The killer bee stings you.
* * * LOW HITPOINT WARNING * * *
You are lethally poisoned!
The killer bee poisons you! The killer bee barely misses you.
You take 1 damage, and have 2/35 hp.
It was a potion of flight.
You feel very buoyant.
You fly up into the air.
You constrict the killer bee.
You die...

..# ...#######
##+#######........######
.........#.........>...#
...................<...+
.........#######.......#
.........#BB≈≈≈#.......#
#@y+BB∩≈≈#........
..#####y#SB≈≈≈#.######.
.....y..#######.#....+.
.....................#
............+...#....#
............#...#....#
..o.........#...# ...#
#############...# ...#
##### ..#


You could see 2 killer bees, an adder and 3 giant cockroaches.

Vanquished Creatures
  A killer bee (D:4)
  An orc priest (D:3)
  Jessica (D:2)
  Natasha (D:2)
  Robin (D:2)
  2 adders (D:2)
  2 worms (D:2)
  4 orcs (D:3)
  5 ball pythons
  7 bats
  10 endoplasms
  3 giant cockroaches
  11 goblins
  9 hobgoblins
  4 jackals (D:1)
  5 kobolds
  4 quokkas
  6 frilled lizards
  5 rats (D:2)
82 creatures vanquished.

Vanquished Creatures (others)
  21 plants (D:2)
21 creatures vanquished.

Grand Total: 103 creatures vanquished

Notes
Turn   | Place    | Note
-------+----------+-------------------------------------------
     0 | D:1      | sokol815 the Octopode Brigand began the quest for the Orb.
     0 | D:1      | Reached XP level 1. HP: 14/14 MP: 1/1
    43 | D:1      | Found Withrepnu's Distillery.
    62 | D:1      | Reached XP level 2. HP: 18/19 MP: 2/2
    96 | D:1      | Reached skill level 3 in Short Blades
   178 | D:1      | Found a faded altar of an unknown god.
   205 | D:1      | Reached XP level 3. HP: 24/24 MP: 3/3
   634 | D:2      | Noticed Robin
   664 | D:2      | HP: 6/24 [constriction (1)]
   857 | D:2      | Reached skill level 1 in Spellcasting
   910 | D:2      | Killed Robin
   913 | D:2      | Reached XP level 4. HP: 26/29 MP: 5/5
  1206 | D:2      | Noticed Natasha
  1294 | D:2      | Found Meuruitu's Distillery.
  1339 | D:2      | Bought a potion of degeneration for 11 gold pieces
  1381 | D:2      | You fall into a shaft and drop 1 floor!
  1447 | D:3      | Noticed Grinder
  1469 | D:3      | Reached skill level 4 in Short Blades
  1479 | D:3      | Found a blossoming altar of Fedhas.
  1541 | D:3      | Found a bloodstained altar of Trog.
  1541 | D:3      | Found a shimmering altar of Xom.
  1562 | D:3      | Reached XP level 5. HP: 34/34 MP: 7/7
  1758 | D:2      | Noticed Jessica
  1762 | D:2      | Killed Jessica
  1768 | D:2      | Reached skill level 5 in Short Blades
  2075 | D:2      | Killed Natasha
  2514 | D:4      | Found a glowing drain.
  2531 | D:4      | Gained mutation: Your mind is acute. (Int +2) [potion of
                  | mutation]
  2531 | D:4      | Gained mutation: You are frail. (-10% HP) [potion of
                  | mutation]
  2542 | D:4      | Reached XP level 6. HP: 13/35 MP: 8/8
  2543 | D:4      | HP: 3/35 [killer bee (8)]
  2546 | D:4      | Succumbed to a killer bee's poison

Illustrated notes

Levels and vault maps discovered:
D:1:      amcnicky_arrival_wind_blow, layout_rooms,
          shapermc_ecumenical_altar_mp_ritualfount, serial_shops,
          nicolae_lakefront_shop
D:2:      layout_rooms, serial_shops, nicolae_shop_advertising_works
          [nicolae_subvault_shop_adworks], serial_bayou, serial_bayou_pond_a,
          serial_bayou_ford_a, serial_bayou_shore_b, serial_bayou_lagoon_a,
          amcnicky_mini_pool_small, roderic_three_in_a_row, minmay_quantized,
          uniq_natasha, uniq_robin, uniq_jessica
D:3:      layout_loops_ring, lemuel_crystal_altar, jmf_multi_god_temple,
          uniq_grinder
D:4:      layout_gridville, nicolae_qazlal_style_of_elements,
          mainiacjoe_overflow_six_doors_small,
          mainiacjoe_overflow_cross_hatched, serial_shops, shop,
          gup_sewer_entry_glass, minmay_mini_ossuary

Skill      XL: |  1  2  3  4  5 |
---------------+----------------+-----
Short Blades   | 3 4 5 |  5.8
Spellcasting   | 1 |  1.7
Fighting       | |  2.0
Throwing       | |  2.0
Dodging        | |  1.0
Stealth        | |  5.3

Action                   |  1- 3 |  4- 6 || total
-------------------------+-------+-------++-------
Melee: Dagger            |    29 |    16 ||    45
       Tentacles         |    14 |    12 ||    26
       Constrict         |    13 |    14 ||    27
       Short sword       |    28 |    63 ||    91
       Punch             |       |     1 ||     1
Throw: Stone             |     3 |       ||     3
  Use: Scroll            |     5 |     1 ||     6
       Potion            |     1 |     5 ||     6
 Stab: Sleeping          |     9 |    15 ||    24
Armor: Skin              |     5 |       ||     5
Dodge: Dodged            |    37 |    26 ||    63
Block: Other             |       |     4 ||     4

Table legend: (Time is in decaauts)
 A = Elapsed time spent in this place.
 B = Non-inter-level travel time spent in this place.
 C = Inter-level travel time spent in this place.
 D = Time resting spent in this place.
 E = Time spent auto-exploring this place.
 F = Levels seen in this place.
 G = Mean time per level.
                   A        B        C        D        E       F      G
               +--------+--------+--------+--------+--------+-----+--------+
         Total |   2500 |   2421 |     79 |    231 |   1653 |   4 |  625.0 |
       Dungeon |   2500 |   2421 |     79 |    231 |   1653 |   4 |  625.0 |
               +--------+--------+--------+--------+--------+-----+--------+

Top non-repeatable levels by time:
     D:2: 957 daAuts
     D:3: 778 daAuts
     D:1: 737 daAuts
     D:4: 28 daAuts

Table legend:
 A = Kills in this place as a percentage of kills in entire the game.
 B = Kills by you in this place as a percentage of kills by you in the entire game.
 C = Kills by friends in this place as a percentage of kills by friends in the entire game.
 D = Other kills in this place as a percentage of other kills in the entire game.
 E = Experience gained in this place as a percentage of experience gained in the entire game.
 F = Experience gained in this place divided by the number of levels of this place that you have seen.
                   A       B       C       D       E      F
               +-------+-------+-------+-------+-------+----------------------
         Total | 100.0 | 100.0 |   N/A |   N/A | 100.0 |  88.2
       Dungeon | 100.0 | 100.0 |   N/A |   N/A | 100.0 |  88.2
               +-------+-------+-------+-------+-------+----------------------
